 Dungeon Crawl Stone Soup version 0.30.1-11-g7821555f0a (webtiles) character file.

Game seed: 757209577077984043

557 Janerl the Covered (level 7, -5/60 (61) HPs)
             Began as a Minotaur Fighter on Oct 27, 2023.
             Slain by a wight
             ... wielding a +4 long sword
              (8 damage)
             ... on level 5 of the Dungeon.
             The game lasted 00:09:12 (2686 turns).

Janerl the Covered (Minotaur Fighter)               Turns: 2686, Time: 00:09:13

HP:   -5/60 (61)    AC:  7    Str: 19    XL:     7   Next: 9%
MP:   6/6           EV:  9    Int:  7    God:
Gold: 133           SH:  4    Dex:  9    Spells: 6/6 levels left

rFire   . . .        a - +0 war axe
rCold   . . .        c - +0 buckler
rNeg    . . .        b - +0 scale mail
rPois   .            (helmet restricted)
rElec   .            (no cloak)
rCorr   .            (no gloves)
SInv    +            (no boots)
Will    .....        (no amulet) Stlth
                     q - ring of see invisible
HPRegen 0.30/turn    (no ring)
MPRegen 0.10/turn

%: no passive effects
@: lightly drained
A: horns 2, retaliatory headbutt, high MP 1, weak 1
a: no special abilities


You were on level 5 of the Dungeon.
You visited 1 branch of the dungeon, and saw 5 of its levels.

You collected 133 gold pieces.

Inventory:

Hand Weapons
 a - a +0 war axe (weapon)
Missiles
 t - 2 throwing nets (quivered)
Armour
 b - a +0 scale mail (worn)
 c - a +0 buckler (worn)
Jewellery
 g - a ring of flight
 q - a ring of see invisible (left hand)
 v - a ring of resist corrosion
Scrolls
 h - 5 scrolls of teleportation {unknown}
 i - a scroll of enchant weapon {unknown}
 j - 4 scrolls of identify {unknown}
 k - a scroll of fog {unknown}
 n - a scroll of poison {unknown}
 o - a scroll of magic mapping {unknown}
 r - a scroll of enchant armour {unknown}
 u - a scroll of amnesia {unknown}
Potions
 d - 5 potions of might
 e - 2 potions of heal wounds {unknown}
 f - a potion of curing {unknown}
 l - 2 potions of lignification {unknown}
 m - 2 potions of mutation
 p - a potion of berserk rage {unknown}
 s - a potion of invisibility {unknown}


   Skills:
 + Level 5.1 Fighting
 + Level 6.0 Axes
 + Level 6.2 Armour
 + Level 1.4 Dodging
 + Level 0.3 Stealth
 + Level 4.5 Shields


You had 6 spell levels left.
You didn't know any spells.
Your spell library contained the following spells:

 Spells                   Type           Power      Damage    Failure   Level
 Call Canine Familiar     Summ           0%         N/A       99%         3
 Portal Projectile        Hex/Tloc       0%         N/A       99%         3
 Leda's Liquefaction      Hex/Erth       0%         N/A       100%        4


Dungeon Overview and Level Annotations

Branches:
Dungeon (5/15)
 Temple: D:4-7

Altars:

Shops:
D:1 [

Annotations:
D:3 3 runed translucent doors, Janerl's ghost, amateur NaVM


Innate Abilities, Weirdness & Mutations

You have a pair of horns on your head.
You reflexively headbutt those who attack you in melee.
You have an increased reservoir of magic. (+10% MP)
You are weak. (Str -2)


Message History

You headbutt the wight, but do no damage.
The wight barely misses you. You furiously retaliate!
You headbutt the wight! You closely miss the wight.
The wight is severely damaged.
You block the wight's attack.
You closely miss the wight.
The wight is severely damaged.
You block the wight's attack.
You slash the wight!
You destroy the wight!
Your Armour skill increases to level 6!
You hit the wight.
The wight is moderately damaged.
The wight hits you with a +1 scimitar!
* * * LOW HITPOINT WARNING * * *
You feel drained.
* * * LOW HITPOINT WARNING * * *
The wight hits you but does no damage.
You hit the wight but do no damage.
The wight is moderately damaged.
The wight barely misses you.
You hit the wight. Your headbutt misses the wight.
The wight is severely damaged.
The wight hits you but does no damage.
You slash the wight!
You destroy the wight!
Your life force feels restored.
Your Axes skill increases to level 6!
You have reached level 7!
You closely miss the wight. You headbutt the wight.
The wight is moderately damaged.
The wight hits you with a +4 long sword!
* * * LOW HITPOINT WARNING * * *
You feel drained.
* * * LOW HITPOINT WARNING * * *
The wight hits you but does no damage.
It was a potion of mutation.
You feel extremely strange.
You feel more energetic.
You feel weaker.
The wight hits you with a +4 long sword!
You die...

######..
.##.......#
#.# #......# .
#.......####.#
#......#z#
#....)....W..#
.#......#z#
#.......######
........'.#
#.......######
#.......###
#.............
#..>....).#
########.#####
#########z#
#.# #@# #.#
#.# #.# #.#
#.# #.# #.#
#.# #.# #.#
#.# #.# #.#
#.# #.# #.#
#.#


You could see a wight.

Vanquished Creatures
  A centaur (D:5)
  2 phantoms
  3 wights (D:5)
  2 orc wizards (D:3)
  2 adders
  4 gnolls
  4 dart slugs
  4 orcs
  7 ball pythons
  7 endoplasms
  8 goblins
  4 hobgoblins
  4 jackals
  3 kobolds
  4 quokkas
  5 bats
  3 frilled lizards
  8 rats
75 creatures vanquished.

Notes
Turn   | Place    | Note
-------+----------+-------------------------------------------
     0 | D:1      | Janerl the Minotaur Fighter began the quest for the Orb.
     0 | D:1      | Reached XP level 1. HP: 19/19 MP: 0/0
    31 | D:1      | Reached XP level 2. HP: 21/27 MP: 1/1
   488 | D:1      | Found Jihifexo's Armour Boutique.
   669 | D:2      | Reached XP level 3. HP: 31/33 MP: 2/2
  1640 | D:3      | Found a runed translucent gate.
  1640 | D:3      | Found a runed translucent gate.
  1641 | D:3      | Found a runed translucent gate.
  1643 | D:3      | Noticed Janerl's ghost (amateur NaVM)
  1682 | D:3      | Reached XP level 4. HP: 37/40 MP: 3/3
  1905 | D:3      | Reached skill level 1 in Dodging
  2266 | D:3      | Reached XP level 5. HP: 31/47 MP: 4/4
  2336 | D:4      | Reached skill level 5 in Armour
  2359 | D:4      | Noticed a phantom
  2374 | D:4      | Killed a phantom
  2431 | D:5      | Entered Level 5 of the Dungeon
  2536 | D:5      | Noticed a phantom
  2581 | D:5      | Killed a phantom
  2582 | D:5      | Reached XP level 6. HP: 45/55 MP: 5/5
  2661 | D:5      | Reached skill level 5 in Fighting
  2661 | D:5      | Reached skill level 5 in Axes
  2685 | D:5      | Reached XP level 7. HP: 13/61 MP: 6/6
  2685 | D:5      | HP: 3/60 [wight/+4 long sword (3)]
  2686 | D:5      | Gained mutation: You have an increased reservoir of magic.
                  | (+10% MP) [potion of mutation]
  2686 | D:5      | Gained mutation: You are weak. (Str -2) [potion of
                  | mutation]
  2686 | D:5      | Slain by a wight

Illustrated notes

Levels and vault maps discovered:
D:1:      dpeg_arrival_yet_another_circle, layout_loops_ring, serial_shops, shop
D:2:      layout_basic, feat_on_display
D:3:      layout_basic, gammafunk_ghost_split
D:4:      layout_cave_pools
D:5:      layout_basic, serial_shops, nicolae_shop_tiny_statue_garden,
          uniq_sigmund

Skill      XL: |  1  2  3  4  5  6 |
---------------+-------------------+-----
Fighting       | 4 5 |  5.1
Armour         | 4 5 6 |  6.2
Shields        | 4 |  4.5
Axes           | 3 4 6 |  6.0
Dodging        | 1 |  1.4
Stealth        | |  0.3

Action                     |  1- 3 |  4- 6 |  7- 9 || total
---------------------------+-------+-------+-------++-------
  Melee: War axe           |    84 |    80 |     1 ||   165
         Headbutt          |     7 |     7 |     1 ||    15
    Use: Potion            |       |       |     1 ||     1
 Armour: Scale mail        |    52 |    42 |     1 ||    95
  Dodge: Dodged            |    42 |    43 |       ||    85
  Block: Buckler           |    24 |    19 |       ||    43
